 Dungeon Crawl Stone Soup version 0.30-a0-6-g7c9e10e132 (webtiles) character file.

Game seed: 969799809797961988

8892 SensoryNuts the Cleaver (level 11, -3/80 HPs)
             Began as a Vampire Fighter on Aug 22, 2022.
             Was an Initiate of Gozag.
             Slain by a fire crab (13 damage)
             ... on level 10 of the Dungeon.
             The game lasted 00:15:56 (11679 turns).

SensoryNuts the Cleaver (Vampire Fighter)          Turns: 11679, Time: 00:15:57

Health: -3/80      AC: 23    Str: 19    XL:     11   Next: 15%
Magic:  11/11      EV:  7    Int: 10    God:    Gozag
Gold:   1588       SH: 13    Dex: 15    Spells: 10/10 levels left

rFire   . . .      SeeInvis +    a - +0 war axe (spect)
rCold   . . .      Faith    .    P - +0 tower shield
rNeg    . . .      Spirit   .    K - +3 plate armour
rPois   .          Reflect  .    j - +2 helmet
rElec   .          Harm     .    x - +1 cloak
rCorr   .          Rampage  .    (no gloves)
Will    +....                    (no boots)
Stlth   ..........               (no amulet)
HPRegen 0.43/turn                q - +4 ring of evasion
MPRegen 0.12/turn                (no ring)

@: healing quickly, unable to read
A: alive, fangs 3, see invisible, vampiric 2, talons 1, iridescent scales 1,
inability to read after injury 1
a: Exsanguinate, Renounce Religion, Potion Petition, Call Merchant, Bribe Branch


You were on level 10 of the Dungeon.
You worshipped Gozag.
Gozag was most pleased with you.
You visited 2 branches of the dungeon, and saw 11 of its levels.
You also visited: Sewer and Ossuary.

You collected 1625 gold pieces.
You paid 37 gold pieces to Gozag.

Inventory:

Hand Weapons
 a - a +0 spectral war axe (weapon)
Missiles
 k - a throwing net (quivered)
Armour
 j - a +2 helmet (worn)
 x - a +1 cloak (worn)
 K - a +3 plate armour (worn)
 P - a +0 tower shield (worn)
Jewellery
 m - a ring of magical power
 o - a ring of flight
 q - a +4 ring of evasion (left hand)
 t - a ring of resist corrosion
 u - an amulet of magic regeneration
 B - a +4 ring of evasion
 E - an amulet of the acrobat
 I - an amulet of guardian spirit
 J - a +6 ring of intelligence
 M - a ring of protection from cold
Wands
 d - a wand of roots (16)
 i - a wand of flame (50)
 y - a wand of digging (5)
 F - a wand of paralysis (17)
 O - a wand of quicksilver (5)
Scrolls
 f - 4 scrolls of amnesia
 g - 3 scrolls of teleportation
 h - 2 scrolls of fear
 n - a scroll of enchant armour
 p - a scroll of magic mapping
 s - 2 scrolls of butterflies
 w - a scroll of immolation
 C - a scroll of vulnerability
 H - 3 scrolls of identify
 N - a scroll of brand weapon
Potions
 b - 3 potions of degeneration {unknown}
 e - 5 potions of lignification
 l - 2 potions of ambrosia
 r - 7 potions of curing
 v - 2 potions of mutation
 z - 2 potions of magic
 A - a potion of flight
 G - 2 potions of brilliance


   Skills:
 + Level 5.5 Fighting
 * Level 12.9 Axes
 + Level 6.0 Armour
 + Level 3.8 Dodging
 + Level 3.4 Stealth
 + Level 4.4 Shields


You had 10 spell levels left.
You didn't know any spells.
Your spell library contained the following spells:

 Spells                   Type           Power      Damage    Failure   Level
 Freeze                   Ice            0%         1d3       100%        1
 Magic Dart               Conj           0%         1d3       100%        1
 Call Imp                 Summ           0%         N/A       100%        2
 Static Discharge         Conj/Air       0%         3-3/arc   100%        2
 Sublimation of Blood     Necr           0%         N/A       100%        2
 Frozen Ramparts          Ice            0%         1d1       100%        3
 Mephitic Cloud           Conj/Pois/Air  0%         N/A       100%        3
 Dispel Undead            Necr           0%         3d6       100%        4
 Hailstorm                Conj/Ice       0%         3d3       100%        4
 Petrify                  Tmut/Erth      0%         N/A       100%        4
 Sticky Flame             Conj/Fire      0%         2d3       100%        4
 Irradiate                Conj/Tmut      0%         3d11      100%        5
 Dispersal                Tloc           0%         N/A       100%        6
 Disjunction              Tloc           0%         N/A       100%        8


Dungeon Overview and Level Annotations

Branches:
Dungeon (10/15)            Temple (1/1) D:4             Orc (0/2) D:9
  Sewer (visited)         Ossuary (visited)
   Lair: D:8-11

Altars:
Ashenzari
Cheibriados
Dithmenos
Fedhas
Gozag
Hepliaklqana
Kikubaaqudgha
Makhleb
Nemelex Xobeh
Okawaru
Qazlal
Ru
Sif Muna
Trog
Uskayaw
Vehumet
Wu Jian
Xom
Yredelemnul

Shops:
D:9 (


Innate Abilities, Weirdness & Mutations

Your natural rate of healing is accelerated.
You have razor-sharp teeth.
You have supernaturally acute eyesight. (SInv)
You are afflicted with vampirism and can become a bat while bloodless.
You have sharp toenails.
You are partially covered in iridescent scales. (AC +2)
You occasionally lose the ability to read scrolls when taking damage.


Message History

You hit the fire crab but do no damage.
The fire crab is lightly wounded.
You are engulfed in blazing flames.
You block the fire crab's attack.
The fire crab claws you but does no damage.
You hit the fire crab.
The fire crab is lightly wounded.
You block the fire crab's attack. The fire crab claws you.
You are engulfed in flames!
You hit the fire crab.
The fire crab is lightly wounded.
You block the fire crab's attack. The fire crab claws you.
You are engulfed in flames!
You block the fire crab's attack.
The fire crab claws you but does no damage.
You slash the fire crab!
The fire crab is heavily wounded.
You block the fire crab's attack. x2
You slash the fire crab! You claw the fire crab.
The fire crab is severely wounded.
The fire crab breathes flames at you.
The blast of flame engulfs you but does no damage.
You feel much better.
You are engulfed in blazing flames.
The fire crab breathes flames at you. The blast of flame engulfs you!
You hit the fire crab but do no damage. You claw the fire crab.
The fire crab is severely wounded.
You are engulfed in blazing flames.
The fire crab bites you.
You are engulfed in flames!
You feel threatened and lose the ability to read scrolls!
* * * LOW HITPOINT WARNING * * *
You block the fire crab's attack. The fire crab breathes flames at you.
The blast of flame engulfs you but does no damage.
You hit the fire crab but do no damage.
You claw the fire crab, but do no damage.
The fire crab is severely wounded.
You are engulfed in blazing flames.
The fire crab bites you.
* * * LOW HITPOINT WARNING * * *
You are engulfed in flames!
You die...
Your body crumbles into a pile of gold.

#..########
######..# ........#
........# ######..#
#.[# #..#####
#......###########
#..###.'...@t..รท.#
#..# ###########.#
#..# #..# #..# $
#..# #..# #..# #..#


You could see a fire crab.

Vanquished Creatures
  2 two-headed ogres
  A fire crab (D:10)
  Pikel (D:4)
  A gargoyle (D:10)
  Maurice (D:8)
  A wyvern (D:8)
  A wraith (D:10)
  9 yaks (D:10)
  3 acid dragons
  A water moccasin (D:8)
  Pargi (Sewer)
  An ice beast (D:6)
  2 sky beasts
  2 orc warriors
  A black bear (D:4)
  A lemure (D:4)
  4 centaurs
  2 kobold brigands
  5 bullfrogs
  A gnoll sergeant (D:7)
  3 necrophages
  12 scorpions
  A wight (D:8)
  6 killer bees (D:7)
  2 howler monkeys
  4 centaur zombies (Ossuary)
  3 hounds
  3 human zombies (Ossuary)
  4 jellies
  An orc priest (D:6)
  2 gnoll boudas
  5 iguanas
  9 orc wizards
  3 scorpion zombies (Ossuary)
  A hound skeleton (D:4)
  3 mummies (Ossuary)
  Robin (D:2)
  20 gnolls
  6 adders
  2 river rats (D:3)
  4 shadow imps
  2 white imps
  A worm (D:2)
  6 dart slugs
  19 orcs
  10 ball pythons
  6 endoplasms
  8 giant cockroaches
  2 gnoll zombies (Ossuary)
  16 goblins
  9 hobgoblins
  4 jackals (D:1)
  3 quokkas
  7 bats
  7 frilled lizards
  2 goblin zombies (Ossuary)
  10 kobolds
  3 kobold zombies (Ossuary)
  2 orc zombies (Ossuary)
  A quokka zombie (D:4)
  9 rats
  A rat zombie (D:4)
264 creatures vanquished.

Vanquished Creatures (others)
  A human (D:9)
  A plant (D:3)
2 creatures vanquished.

Grand Total: 266 creatures vanquished

Notes
Turn   | Place    | Note
-------+----------+-------------------------------------------
     0 | D:1      | SensoryNuts the Vampire Fighter began the quest for the
                  | Orb.
     0 | D:1      | Reached XP level 1. HP: 17/17 MP: 1/1
    87 | D:1      | Reached skill level 2 in Axes
    89 | D:1      | Reached XP level 2. HP: 20/23 MP: 2/2
   586 | D:1      | Gained mutation: You are afflicted with vampirism and can
                  | become a bat while bloodless. [Vampire growth]
   586 | D:1      | Reached XP level 3. HP: 29/29 MP: 3/3
  1466 | D:2      | Found a faded altar of an unknown god.
  1712 | D:2      | Noticed Robin
  1717 | D:2      | Reached skill level 1 in Stealth
  1726 | D:2      | Reached XP level 4. HP: 31/35 MP: 4/4
  1752 | D:2      | Killed Robin
  2184 | D:2      | Reached skill level 3 in Axes
  2750 | D:3      | Found a glowing drain.
  2804 | D:3      | Reached XP level 5. HP: 33/41 MP: 5/5
  2829 | Sewer    | Entered a sewer
  2835 | Sewer    | Noticed Pargi
  2846 | Sewer    | Killed Pargi
  2847 | Sewer    | Reached skill level 4 in Axes
  3467 | D:4      | Noticed a black bear
  3474 | D:4      | Killed a black bear
  3475 | D:4      | Reached XP level 6. HP: 43/47 MP: 6/6
  3488 | D:4      | Found a stormy altar of Qazlal.
  3742 | D:4      | Found a sand-covered staircase.
  3771 | Ossuary  | Entered an ossuary
  3797 | Ossuary  | Reached skill level 5 in Axes
  3797 | Ossuary  | Reached skill level 1 in Dodging
  3952 | Ossuary  | Reached XP level 7. HP: 49/52 MP: 7/7
  4021 | Ossuary  | Gained mutation: You have sharp toenails. [potion of
                  | mutation]
  4021 | Ossuary  | Gained mutation: You occasionally lose the ability to read
                  | scrolls when taking damage. [potion of mutation]
  4021 | Ossuary  | Gained mutation: You are partially covered in iridescent
                  | scales. (AC +2) [potion of mutation]
  4028 | Ossuary  | Reached skill level 6 in Axes
  4195 | Ossuary  | Reached XP level 8. HP: 48/59 MP: 8/8
  4197 | Ossuary  | Reached skill level 7 in Axes
  4629 | D:4      | Found a staircase to the Ecumenical Temple.
  4655 | D:4      | Noticed Pikel
  4672 | D:4      | Killed Pikel
  4673 | D:4      | Reached skill level 8 in Axes
  4679 | Temple   | Entered the Ecumenical Temple
  4915 | Temple   | Became a worshipper of Gozag Ym Sagoz the Greedy
  5128 | D:4      | Found a basalt altar of Yredelemnul.
  5403 | D:4      | Found a burning altar of Makhleb.
  5414 | D:4      | Reached XP level 9. HP: 65/65 MP: 9/9
  5589 | D:5      | Entered Level 5 of the Dungeon
  5726 | D:5      | Reached skill level 9 in Axes
  6050 | D:5      | Found a sacrificial altar of Ru.
  6650 | D:6      | Reached skill level 10 in Axes
  7050 | D:6      | Found a hide-covered altar of Uskayaw.
  7676 | D:7      | Reached skill level 5 in Armour
  8689 | D:8      | Reached XP level 10. HP: 73/73 MP: 10/10
  8720 | D:8      | Reached skill level 11 in Axes
  8723 | D:8      | Found a snail-covered altar of Cheibriados.
  9750 | D:9      | Noticed Maurice
  9928 | D:9      | Noticed a two-headed ogre
  9978 | D:8      | Killed a two-headed ogre
  9988 | D:8      | Killed Maurice
 10098 | D:9      | Found a staircase to the Orcish Mines.
 10246 | D:9      | Found Gastask's Weapon Shoppe.
 10283 | D:9      | Reached skill level 5 in Fighting
 10329 | D:9      | Found an ancient bone altar of Kikubaaqudgha.
 10768 | D:10     | Entered Level 10 of the Dungeon
 10800 | D:10     | Reached skill level 12 in Axes
 10876 | D:10     | Found a runed translucent door.
 11002 | D:10     | Noticed a fire crab
 11105 | D:10     | Noticed a gargoyle
 11112 | D:10     | Killed a gargoyle
 11382 | D:10     | Noticed a two-headed ogre
 11394 | D:10     | Killed a two-headed ogre
 11395 | D:10     | Reached XP level 11. HP: 69/80 MP: 11/11
 11614 | D:10     | Killed a fire crab
 11665 | D:10     | Noticed a fire crab
 11679 | D:10     | Slain by a fire crab

Illustrated notes

Levels and vault maps discovered:
D:1:      ncdulo_smallfort, layout_basic
D:2:      layout_basic, chequers_ecumenical_altar_island, uniq_robin
D:3:      layout_loops_corners, portal_sewer_entry_c, minmay_shallow_snake_nest
D:4:      layout_rooms, makhleb_blood_cavern_becter,
          mainiacjoe_overflow_small_starburst, grunt_qazlal_clouds,
          minmay_temple_entry_steel_oval, enter_ossuary_4, skrybe_limestone_x,
          dk_noncrumbling_2, minmay_fractal_squares_gapless_5, uniq_pikel
D:5:      layout_rooms, nicolae_ru_path_of_blood
D:6:      layout_basic, kennysheep_little_box, old_standard_altar,
          due_unseen_surprise
D:7:      layout_basic, st_stairs_6
D:8:      layout_loops_ring, kennysheep_diamond
D:9:      layout_long_grid, tgw_kikubaaqudgha, orc_0_dummy, serial_shops,
          nicolae_shop_stone, kennysheep_generic_room_7, uniq_maurice
D:10:     gammafunk_mikee_crab_dinner, layout_long_grid, minmay_quadrilaterals
Temple:   regret_index_temple_waves

Skill      XL: |  1  2  3  4  5  6  7  8  9 10 |
---------------+-------------------------------+-----
Axes           | 2 3 4 5 6 8 10 12 | 12.9
Fighting       | 3 4 5 |  5.5
Armour         | 3 4 5 6 |  6.0
Shields        | 3 4 |  4.4
Stealth        | 1 2 3 |  3.4
Dodging        | 1 2 3 |  3.8

Action                   |  1- 3 |  4- 6 |  7- 9 | 10-12 || total
-------------------------+-------+-------+-------+-------++-------
Melee: War axe           |   114 |   205 |   381 |   103 ||   803
       Bite              |     5 |    16 |    44 |    14 ||    79
       Kick              |       |       |   100 |    42 ||   142
  Use: Potion            |     3 |     7 |     6 |     7 ||    23
       Scroll            |     3 |     3 |    10 |     7 ||    23
 Stab: Distracted        |       |       |     1 |     1 ||     2
       Invisible         |       |       |       |     4 ||     4
Armor: Scale mail        |    57 |   123 |   184 |    11 ||   375
       Plate armour      |       |       |       |    26 ||    26
Dodge: Dodged            |    70 |   156 |   301 |    59 ||   586
Block: Buckler           |    30 |    70 |    98 |    17 ||   215
       Tower shield      |       |       |       |    10 ||    10

Table legend: (Time is in decaauts)
 A = Elapsed time spent in this place.
 B = Non-inter-level travel time spent in this place.
 C = Inter-level travel time spent in this place.
 D = Time resting spent in this place.
 E = Time spent auto-exploring this place.
 F = Levels seen in this place.
 G = Mean time per level.
                   A        B        C        D        E       F      G
               +--------+--------+--------+--------+--------+-----+--------+
         Total |  11851 |  11475 |    376 |    964 |   8239 |  13 |  911.6 |
       Dungeon |  10532 |  10229 |    303 |    964 |   7415 |  10 | 1053.2 |
        Temple |    263 |    190 |     73 |      0 |    173 |   1 |  263.0 |
         Sewer |    189 |    189 |      0 |      0 |    126 |   1 |  189.0 |
       Ossuary |    866 |    866 |      0 |      0 |    525 |   1 |  866.0 |
               +--------+--------+--------+--------+--------+-----+--------+

Top non-repeatable levels by time:
     D:1: 1447 daAuts
     D:8: 1427 daAuts
     D:6: 1203 daAuts
     D:7: 1179 daAuts
     D:3: 1074 daAuts
     D:2: 961 daAuts
     D:4: 931 daAuts
    D:10: 915 daAuts
 Ossuary: 866 daAuts
     D:9: 736 daAuts
     D:5: 654 daAuts
  Temple: 263 daAuts
   Sewer: 189 daAuts
